 Dungeon Sprint DCSS version 0.21.1-1-g345015f (webtiles) character file.

64 Fang the Skirmisher (level 4, -1/48 HPs)
             Began as a Gargoyle Berserker on June 27, 2018.
             Was an Elder of Trog.
             Slain by a gnoll
             ... wielding a +0 spear
              (4 damage)
             ... in the Dungeon (Sprint VII: "The Pits").
             The game lasted 00:01:31 (546 turns).

Fang the Skirmisher (Gargoyle Berserker)             Turns: 546, Time: 00:01:31

Health: -1/48      AC:  5    Str: 27    XL:     4   Next: 12%
Magic:  4/4        EV: 12    Int:  7    God:    Trog [****..]
Gold:   0          SH:  0    Dex:  9    Spells: 3/3 levels left

rFire    . . .     SeeInvis .   m - +2 hand axe (freeze)
rCold    . . .     Gourm    .   (no shield)
rNeg     + . .     Faith    .   b - +0 animal skin
rPois    ∞         Spirit   .   (no helmet)
rElec    +         Reflect  .   (no cloak)
rCorr    .         Harm     .   (no gloves)
MR       .....     NoTele   +   (no boots)
Stlth    ..........             (no amulet)
HPRegen  0.16/turn              (no ring)
MPRegen  0.09/turn              (no ring)

@: berserking, very quick
A: negative energy resistance 1, electricity resistance, unbreathing,
petrification resistance, rot immunity, AC +3
a: Berserk, Trog's Hand, Brothers in Arms, Burn Spellbooks, Renounce Religion


You were in the Dungeon.
You worshipped Trog.
Trog was greatly pleased with you.
You were very hungry.

You visited 1 branch

Inventory:

Hand Weapons
 j - a +2 hand axe
 m - a +2 hand axe of freezing (weapon)
Armour
 b - a +0 animal skin (worn)
Scrolls
 i - a scroll of blinking
 k - 3 scrolls of remove curse
 l - a scroll of summoning
Potions
 a - 2 potions of invisibility
 d - 6 potions of curing
 e - 6 potions of heal wounds
 f - a potion of haste
 g - 4 potions of magic
 h - 3 potions of berserk rage
Comestibles
 c - 9 rations


   Skills:
 + Level 6.0 Fighting
 + Level 5.2 Axes
 + Level 3.2 Armour
 + Level 2.6 Dodging
 + Level 0.4 Stealth


You had 3 spell levels left.
You didn't know any spells.

Dungeon Overview and Level Annotations

Branches:
Dungeon (1/1)

Altars:
Cheibriados
Dithmenos
Elyvilon
Fedhas
Gozag
Hepliaklqana
Makhleb
Nemelex Xobeh
Okawaru
Qazlal
Ru
Sif Muna
Trog
Vehumet
Wu Jian
Xom
Yredelemnul
Zin
The Shining One
Beogh
Jiyva
Lugonu


Innate Abilities, Weirdness & Mutations

You are resistant to torment.
Your stone body is resilient. (AC +3)
You are immune to poison.
You resist negative energy. (rN+)
You are resistant to electric shocks. (rElec)
You can survive without breathing.
You are immune to petrification.
You are immune to rotting.


Message History

Trog accepts your kill.
You can now call in reinforcements.
Your Fighting skill increases to level 6!
You have reached level 4!
You feel stronger. The gnoll closely misses you.
A gnoll comes into view. It is wielding a club.
The gnoll shouts!
The deep elf mage hits you with a dagger.
* * * LOW HITPOINT WARNING * * *
The gnoll hits you but does no damage. The gnoll completely misses you.
An orc warrior comes into view. It is wielding a flail.
There is an open door, spattered with blood here.
You see here a flail.
You barely miss the gnoll. You hit the deep elf mage.
You freeze the deep elf mage.
The deep elf mage hits you but does no damage.
Unknown command.
You barely miss the gnoll. You hit the deep elf mage.
You freeze the deep elf mage. The gnoll hits you with a spear.
You die...

#.#..#..#[[##.....
#.#..÷..#).#####'#
#.#..####))##.....
#.#..#..#))##.....
#.#..#..#..##.....
#.##'#†.#'###...<.
#.#........##.....
#.#...†....##.....
#@###########.....


#geogg..# ###### #goZ#o..# #5W.# .# #o##. #o. #. #.. .. #.. .. You could see a
deep elf mage, a hungry ghost, an orc warrior, a gnoll shaman, 2 orc priests, 3
gnolls, 2 orcs, an ufetubus and a ball python zombie.

Vanquished Creatures
  An iguana (D)
  A gnoll (D)
  An adder (D)
  A river rat (D)
  An ooze (D)
  A bat skeleton (D)
  A kobold (D)
  A ball python (D)
  A leopard gecko zombie (D)
  A quokka zombie (D)
  A rat (D)
11 creatures vanquished.

Notes
Turn   | Place    | Note
-------+----------+-------------------------------------------
     0 | D        | Fang the Gargoyle Berserker began the quest for the Orb.
     0 | D        | Reached XP level 1. HP: 14/14 MP: 1/1
    21 | D        | Reached skill level 4 in Fighting
    21 | D        | Reached XP level 2. HP: 14/20 MP: 2/2
    81 | D        | Found a bloodstained altar of Trog.
    81 | D        | Found a deep blue altar of Sif Muna.
    81 | D        | Found a viscous altar of Jiyva.
    81 | D        | Found a hazy altar of Hepliaklqana.
    81 | D        | Found an opulent altar of Gozag.
    82 | D        | Found a glowing golden altar of the Shining One.
    82 | D        | Found a glowing silver altar of Zin.
    82 | D        | Found a basalt altar of Yredelemnul.
    82 | D        | Found a shimmering altar of Xom.
    82 | D        | Found an ornate altar of the Wu Jian Council.
    82 | D        | Found a sacrificial altar of Ru.
    82 | D        | Found a stormy altar of Qazlal.
    82 | D        | Found an iron altar of Okawaru.
    82 | D        | Found a sparkling altar of Nemelex Xobeh.
    82 | D        | Found a burning altar of Makhleb.
    82 | D        | Found a blossoming altar of Fedhas.
    82 | D        | Found a white marble altar of Elyvilon.
    82 | D        | Found a shadowy altar of Dithmenos.
    82 | D        | Found a snail-covered altar of Cheibriados.
    86 | D        | Found a roughly hewn altar of Beogh.
    86 | D        | Found a corrupted altar of Lugonu.
    86 | D        | Found a radiant altar of Vehumet.
   180 | D        | Reached ** piety under Trog
   215 | D        | Reached skill level 5 in Fighting
   215 | D        | Reached XP level 3. HP: 19/26 MP: 3/3
   310 | D        | Reached *** piety under Trog
   315 | D        | Reached skill level 5 in Axes
   539 | D        | Noticed a deep elf mage
   540 | D        | Noticed a hungry ghost
   543 | D        | Reached **** piety under Trog
   543 | D        | Reached skill level 6 in Fighting
   543 | D        | Reached XP level 4. HP: 4/32 MP: 4/4
   545 | D        | Noticed an orc warrior
   546 | D        | Slain by a gnoll

Skill      XL: |  1  2  3 |
---------------+----------+-----
Fighting       | 4 5 6 |  6.0
Axes           | 3 4 5 |  5.2
Dodging        | 2 |  2.6
Armour         | 3 |  3.2
Stealth        | |  0.4

Action                   |  1- 3 |  4- 6 || total
-------------------------+-------+-------++-------
Melee: Hand axe          |    35 |     2 ||    37
Invok: Berserk           |     3 |       ||     3
Armor: Animal skin       |    10 |     2 ||    12
Dodge: Dodged            |    31 |     2 ||    33
